 Dungeon Crawl Stone Soup version 0.24-a0-789-g35933f4585 (webtiles) character file.

Game seed: 6075206764866495701, levelgen mode: deterministic

113981 Gumption the Spry (level 16, -2/119 HPs)
             Began as a Merfolk Gladiator on Oct 9, 2019.
             Was the Champion of Hepliaklqana.
             Shot with a bolt by a naga sharpshooter (12 damage)
             ... on level 4 of the Snake Pit on Oct 10, 2019.
             The game lasted 03:10:24 (29203 turns).

Gumption the Spry (Merfolk Gladiator)              Turns: 29203, Time: 03:10:24

Health: -2/119     AC: 23    Str: 27    XL:     16   Next: 64%
Magic:  22/22      EV: 15    Int:  6    God:    Hepliaklqana [******]
Gold:   490        SH: 22    Dex: 16    Spells: 15/15 levels left

rFire    + . .     SeeInvis +   a - +1 demon trident (flame)
rCold    + . .     Gourm    +   N - +1 large shield {rC+ rF+}
rNeg     . . .     Faith    .   Q - +2 plate armour {rPois}
rPois    +         Spirit   .   h - +1 hat {MR+}
rElec    .         Reflect  .   i - +0 cloak {+Inv}
rCorr    .         Harm     .   P - +2 pair of gloves of Pride {+Blink MR++ Int-2 SInv}
MR       ++++.                  G - +0 pair of boots
Stlth    ..........             p - amulet of the gourmand
HPRegen  0.29/turn              F - +5 ring of slaying
MPRegen  0.18/turn              L - +5 ring of strength

@: no status effects
A: change form in water, swift swim, stealthy swim, reduced essence, strong 1
a: Recall Ancestor, Ancestor Identity, Transference, Idealise, Renounce
Religion, Evoke Blink, Evoke Invisibility


You were on level 4 of the Snake Pit.
You worshipped Hepliaklqana.
Hepliaklqana was exalted by your worship.
You were full.

You visited 5 branches of the dungeon, and saw 24 of its levels.
You also visited: Sewer.

You collected 2573 gold pieces.
You spent 2083 gold pieces at shops.

Inventory:

Hand Weapons
 a - a +1 demon trident of flaming (weapon)
Missiles
 d - 5 throwing nets
 g - 20 curare-tipped darts
 D - 6 javelins (quivered)
 E - 18 boomerangs
Armour
 h - a +1 hat of magic resistance (worn)
 i - a +0 cloak of invisibility (worn)
 G - a +0 pair of boots (worn)
 N - a +1 large shield of resistance (worn)
 P - the +2 pair of gloves of Pride (worn) {+Blink MR++ Int-2 SInv}
   (You found it on level 2 of the Lair of Beasts)

   It affects your intelligence (-2).
   It affects your resistance to hostile enchantments.
   It lets you see invisible.
   It lets you blink.
 Q - a +2 plate armour of poison resistance (worn)
Jewellery
 p - an amulet of the gourmand (around neck)
 y - an uncursed ring of resist corrosion
 F - a +5 ring of slaying (left hand)
 L - a +5 ring of strength (right hand)
 O - an uncursed ring of stealth
 T - an uncursed ring of protection from magic
Wands
 b - a wand of paralysis (17)
 v - a wand of digging (4)
 x - a wand of polymorph (21)
 C - a wand of acid (22)
 U - a wand of iceblast (14)
Scrolls
 e - 4 scrolls of fear
 o - 5 scrolls of fog
 r - 9 scrolls of remove curse
 s - 2 scrolls of magic mapping
 w - 6 scrolls of teleportation
 A - a scroll of holy word
 J - a scroll of vulnerability {unknown}
 M - 4 scrolls of identify
 R - 6 scrolls of blinking
 V - 3 scrolls of enchant armour
 W - a scroll of immolation
 X - a scroll of summoning
Potions
 c - a potion of agility
 j - 5 potions of flight
 k - a potion of heal wounds
 l - 4 potions of might
 m - 4 potions of ambrosia
 n - 3 potions of haste
 q - 9 potions of curing
 t - 3 potions of berserk rage
 u - 2 potions of invisibility
 z - 2 potions of mutation
 B - 3 potions of resistance
 H - 2 potions of brilliance
 I - 2 potions of magic
 K - 5 potions of lignification
 Z - 2 potions of cancellation
Miscellaneous
 Y - a phantom mirror
Comestibles
 f - 40 rations


   Skills:
 + Level 14.3 Fighting
 - Level 14.1 Polearms
 + Level 2.1 Throwing
 - Level 10.0 Armour
 - Level 15.0 Dodging
 * Level 14.8 Shields
 - Level 8.0 Invocations
 + Level 4.5 Evocations


You had 15 spell levels left.
You didn't know any spells.
Your spell library contained the following spells:

 Spells                   Type           Power        Failure   Level  Hunger
 Beastly Appendage        Tmut           #.....       100%        1    ##.....
 Confusing Touch          Hex            #.....       100%        1    ##.....
 Freeze                   Ice            #...         100%        1    ##.....
 Magic Dart               Conj           #...         100%        1    ##.....
 Shock                    Conj/Air       #...         100%        1    ##.....
 Blink                    Tloc           N/A          100%        2    ###....
 Call Imp                 Summ           #.......     100%        2    ###....
 Slow                     Hex            #.......     100%        2    ###....
 Sticks to Snakes         Tmut           #.......     100%        2    ###....
 Swiftness                Chrm/Air       #.......     100%        2    ###....
 Throw Frost              Conj/Ice       #.....       100%        2    ###....
 Confuse                  Hex            #.......     100%        3    ####...
 Conjure Flame            Conj/Fire      #.......     100%        3    ####...
 Gell's Gravitas          Tloc           #.........   100%        3    ####...
 Mephitic Cloud           Conj/Pois/Air  #.......     100%        3    ####...
 Ozocubu's Armour         Chrm/Ice       #.......     100%        3    ####...
 Spider Form              Tmut/Pois      #.........   100%        3    ####...
 Static Discharge         Conj/Air       #.......     100%        3    ####...
 Airstrike                Air            #.........   100%        4    #####..
 Ice Form                 Ice/Tmut       #.......     100%        4    #####..
 Leda's Liquefaction      Hex/Erth       #.........   100%        4    #####..
 Petrify                  Tmut/Erth      #.......     100%        4    #####..
 Summon Ice Beast         Ice/Summ       #.......     100%        4    #####..
 Throw Icicle             Conj/Ice       #.......     100%        4    #####..
 Agony                    Necr           #.......     100%        5    ######.
 Blade Hands              Tmut           #.........   100%        5    ######.
 Bolt of Magma            Conj/Fire/Erth #.........   100%        5    ######.
 Lightning Bolt           Conj/Air       #.........   100%        5    ######.
 Metabolic Englaciation   Hex/Ice        #.........   100%        5    ######.
 Yara's Violent Unravell  Hex/Tmut       #.........   100%        5    ######.
 Iron Shot                Conj/Erth      #.........   100%        6    #######
 Statue Form              Tmut/Erth      #........    100%        6    #######
 Dragon Form              Tmut           #.........   100%        7    #######
 Shatter                  Erth           #.........   100%        9    #######


Dungeon Overview and Level Annotations

Branches:
Dungeon (11/15)            Temple (1/1) D:5            Lair (6/6) D:9
  Swamp (0/4) Lair:4        Snake (4/4) Lair:3        Slime (0/5) Lair:6
    Orc (2/2) D:11            Elf (0/3) Orc:2         Sewer (visited)

Altars:
Ashenzari
Cheibriados
Dithmenos
Elyvilon
Fedhas
Gozag
Hepliaklqana
Kikubaaqudgha
Makhleb
Nemelex Xobeh
Okawaru
Qazlal
Ru
Sif Muna
Trog
Uskayaw
Vehumet
Wu Jian
Xom
Yredelemnul
Zin
The Shining One
Beogh
Jiyva

Shops:
D:4 (   D:5 =   D:6 }   D:11 *[   Orc:2 =*?[   Snake:3 (

Annotations:
D:7 1 runed translucent door, Gynju's ghost, novice DEFE
Lair:3 3 runed translucent doors, Fies's ghost, journeyman GnAr; Viasus's ghost, journeyman GnAr


Innate Abilities, Weirdness & Mutations

You revert to your normal form in water.
You are very nimble and swift while swimming.
You are very stealthy in the water. (Stealth+)
Your life essence is reduced to manifest your ancestor. (-10% HP)
Your muscles are strong. (Str +2)


Message History

The naga barely misses you. You block the naga warrior's attack.
The naga warrior grabs you. The naga warrior constricts you.
The naga sharpshooter gestures wildly while chanting.
The naga sharpshooter magically shoots a bolt.
You block the bolt.
You impale the shock serpent!! You burn the shock serpent.
You kill the shock serpent!
The air sparks with electricity, shocking you!
* * * LOW HITPOINT WARNING * * *
Okay, then.
You escape the naga warrior's grasp.
You blink.
You feel slightly less full. The naga spits poison at you.
You block the splash of poison. The naga warrior spits poison at you.
The splash of poison hits you. You resist.
* * * LOW HITPOINT WARNING * * *
The naga warrior spits poison at you. You block the splash of poison.
The naga sharpshooter shoots a bolt.
The bolt hits you!
You die...

........# #...............
........# #..............
#.......####
#...............
#.....N)...# #..
#........... #.....(.#.#
##.####...###...#
#......##.## #...####.##
###.#
##.##[.N..N####....###.#
### #..
#..)......#.......##
.#...#.....N...@......###
....%...................###
..........................#
..........................#
.####..###................#
### #..#............##
##.#...........##
####...##......#
###..#......#


You could see a naga warrior, a naga sharpshooter and a naga.

Vanquished Creatures
  Jorgrun (Orc:1)
  Rupert (Lair:3)
  Gastronok (Lair:3)
  3 nagarajas
  Snorg (Lair:6)
  Josephine (Orc:1)
  11 hydras
  2 ogre magi (Orc:2)
  9 naga warriors
  6 anacondas
  2 catoblepae
  9 two-headed ogres
  A deep troll shaman (Lair:6)
  3 death yaks (Lair:6)
  3 naga sharpshooters
  9 shock serpents
  2 deep trolls (Orc:2)
  4 naga ritualists
  A lindwurm (Lair:6)
  8 mana vipers
  3 oklob plants (Lair:6)
  A cyclops (Orc:2)
  9 salamanders
  10 elephants
  Maurice (Orc:1)
  20 black mambas
  2 guardian serpents
  9 spiny frogs
  5 naga magi
  A kobold demonologist (D:11)
  3 rime drakes
  7 komodo dragons
  A merfolk (D:9)
  A polar bear (Lair:5)
  10 trolls
  A hornet (D:11)
  6 hippogriffs
  4 blink frogs (Lair:4)
  2 shadows (D:11)
  A basilisk (Lair:5)
  3 wraiths (Orc:1)
  Grum (D:10)
  4 wyverns
  28 yaks
  A steam dragon (D:9)
  2 hungry ghosts (D:8)
  Edmund (D:5)
  An acid dragon (D:11)
  18 nagas
  2 wargs
  9 water moccasins
  8 porcupines
  2 ice beasts (D:7)
  3 sky beasts (D:9)
  5 black bears
  10 orc warriors
  20 ogres
  2 eyes of draining
  3 phantoms
  18 wolves
  7 centaurs
  17 crocodiles
  2 big kobolds
  10 bullfrogs
  A gnoll sergeant (D:7)
  2 scorpions (D:11)
  A wyvern skeleton (D:10)
  5 killer bees (D:11)
  8 wights
  5 crimson imps
  2 centaur zombies
  21 orc wizards
  A bullfrog zombie (D:5)
  9 orc priests
  A bullfrog skeleton (D:10)
  3 hounds
  A gnoll shaman (D:5)
  4 iguanas
  3 worker ants
  3 polar bear simulacra (Lair:5)
  6 wolf simulacra (Lair:5)
  A hound zombie (D:11)
  7 gnolls
  12 adders
  A river rat (Sewer)
  An ooze (D:2)
  2 adder skeletons (D:4)
  An adder zombie (D:7)
  A worm (D:2)
  3 dart slugs (D:1)
  5 leopard geckos
  49 orcs
  2 ball pythons
  7 giant cockroaches
  5 goblins
  9 hobgoblins
  10 jackals
  17 kobolds
  2 quokkas
  4 bats
  5 frilled lizards
  2 goblin zombies (D:2)
  A leopard gecko zombie (D:3)
  A quokka skeleton (D:9)
  10 rats
586 creatures vanquished.

Vanquished Creatures (collateral kills)
  A nagaraja (Snake:3)
  2 hydras
  A naga warrior (Snake:3)
  A salamander mystic (Snake:2)
  A necromancer (Lair:5)
  A mana viper (Snake:2)
  A cyclops (Orc:2)
  An elephant (Lair:2)
  2 salamanders
  4 black mambas
  A naga mage (Snake:3)
  2 spiny frogs
  A rime drake (Lair:3)
  A troll (Orc:2)
  A hippogriff (Lair:6)
  A wyvern (Lair:5)
  6 yaks
  2 nagas (Snake:1)
  3 porcupines
  A water moccasin (Lair:1)
  4 orc warriors
  3 wolves
  2 ogres
  2 centaurs
  2 crocodiles
  4 bullfrogs
  2 scorpions
  A killer bee (D:11)
  2 crimson imps
  3 orc priests
  2 jellies
  2 orc wizards
  A worker ant (D:6)
  An iguana (D:10)
  A polar bear simulacrum (Lair:5)
  A yak simulacrum (Lair:5)
  2 gnolls
  A worker ant zombie (D:8)
  14 orcs
  A hobgoblin (D:9)
  A jackal (D:6)
  2 kobolds
  2 fungi
90 creatures vanquished.

Vanquished Creatures (others)
  35 hexers
  An orc wizard (Orc:2)
  A worker ant (D:8)
  2 ancestors (D:7)
  An orc (D:11)
  13 fungi
  5 plants
  4 toadstools (D:6)
  6 withered plants (Lair:3)
68 creatures vanquished.

Grand Total: 744 creatures vanquished

Notes
Turn   | Place    | Note
-------+----------+-------------------------------------------
     0 | D:1      | Gumption the Merfolk Gladiator began the quest for the Orb.
     0 | D:1      | Reached XP level 1. HP: 16/16 MP: 1/1
   119 | D:1      | Reached XP level 2. HP: 23/23 MP: 2/2
   209 | D:1      | Reached skill level 5 in Polearms
   335 | D:1      | You fall into a shaft and drop 1 floor!
   340 | D:2      | Reached XP level 3. HP: 24/28 MP: 3/3
   729 | D:1      | Reached XP level 4. HP: 30/34 MP: 4/4
   987 | D:2      | Found a runed translucent door.
   987 | D:2      | Noticed a human
   990 | D:2      | Found a basalt altar of Yredelemnul.
  1293 | D:3      | Found an opulent altar of Gozag.
  1662 | D:3      | Found a stormy altar of Qazlal.
  1746 | D:4      | Reached XP level 5. HP: 39/41 MP: 5/5
  1794 | D:4      | Found Veaq's Weapon Shop.
  1834 | D:4      | Found a glowing drain.
  1853 | D:4      | Reached skill level 1 in Armour
  1879 | Sewer    | Entered a sewer
  1962 | Sewer    | Noticed a big kobold
  1993 | Sewer    | Killed a big kobold
  1993 | Sewer    | Reached XP level 6. HP: 19/48 MP: 6/6
  2232 | Sewer    | Found a white marble altar of Elyvilon.
  2619 | D:5      | Entered Level 5 of the Dungeon
  2700 | D:5      | Found Piri's Jewellery Emporium.
  2891 | D:5      | Reached XP level 7. HP: 35/54 MP: 7/7
  3532 | D:5      | Found a staircase to the Ecumenical Temple.
  3800 | D:5      | Noticed Edmund
  3817 | D:5      | Killed Edmund
  4426 | Temple   | Entered the Ecumenical Temple
  4520 | Temple   | Became a worshipper of Hepliaklqana the Forgotten
  4660 | D:6      | Reached XP level 8. HP: 54/54 MP: 8/8
  4785 | D:6      | Found Woxkey's Gadget Shoppe.
  4793 | D:6      | Bought a wand of acid (8) for 288 gold pieces
  5231 | D:6      | Reached skill level 5 in Fighting
  5488 | D:7      | Reached skill level 10 in Polearms
  5671 | D:7      | Reached * piety under Hepliaklqana
  5764 | D:7      | Found a runed translucent door.
  5764 | D:7      | Noticed Gynju's ghost (novice DEFE)
  6236 | D:7      | Reached XP level 9. HP: 34/62 MP: 9/9
  6616 | D:7      | Reached skill level 5 in Armour
  7381 | D:8      | Reached ** piety under Hepliaklqana
  7382 | D:8      | Remembered your ancestor Matia as a hexer
  7793 | D:9      | Reached XP level 10. HP: 65/71 MP: 10/10
  8815 | D:9      | Found a staircase to the Lair.
  9096 | D:9      | Found an iron altar of Okawaru.
  9283 | D:10     | Entered Level 10 of the Dungeon
  9445 | D:10     | Noticed a two-headed ogre
  9456 | D:10     | Killed a two-headed ogre
  9516 | D:10     | Reached skill level 5 in Dodging
  9590 | D:10     | Noticed Grum
  9600 | D:10     | Reached XP level 11. HP: 69/78 MP: 11/11
  9621 | D:10     | Killed Grum
  9669 | D:10     | Reached skill level 6 in Dodging
  9679 | D:10     | Reached *** piety under Hepliaklqana
 10344 | D:11     | Found a staircase to the Orcish Mines.
 10344 | D:11     | Found Wivoerch's Armour Shoppe.
 10740 | D:11     | Bought a +1 large shield of resistance for 365 gold pieces
 10873 | D:11     | Reached skill level 1 in Shields
 11299 | D:11     | Gained mutation: Your muscles are strong. (Str +2) [a
                  | neqoxec]
 11309 | D:11     | Noticed a sun demon
 11313 | D:11     | Reached skill level 7 in Dodging
 11604 | D:11     | Reached **** piety under Hepliaklqana
 11689 | D:11     | Noticed an eight-headed hydra
 11706 | D:11     | Killed an eight-headed hydra
 11777 | D:11     | Found Holo Boz's Assorted Antiques.
 12265 | D:9      | Identified a scroll of acquirement
 12277 | Lair:1   | Entered Level 1 of the Lair of Beasts
 12553 | Lair:1   | Reached skill level 8 in Dodging
 12579 | Lair:1   | Reached XP level 12. HP: 53/87 MP: 12/12
 12586 | Lair:1   | Reached skill level 5 in Shields
 13058 | Lair:1   | Noticed a seven-headed hydra
 13086 | Lair:1   | Killed a seven-headed hydra
 13086 | Lair:1   | Reached skill level 10 in Fighting
 13369 | Lair:1   | Noticed a six-headed hydra
 13391 | Lair:1   | Noticed a five-headed hydra
 13408 | Lair:1   | Killed a five-headed hydra
 13871 | Lair:2   | Reached skill level 9 in Dodging
 13950 | Lair:2   | Got a pair of ancient gloves
 13961 | Lair:2   | Identified the +2 pair of gloves of Pride {+Blink MR++
                  | Int-2 SInv} (You found it on level 2 of the Lair of Beasts)
 14253 | Lair:2   | Killed a six-headed hydra
 14566 | Lair:2   | Noticed a five-headed hydra
 14578 | Lair:2   | Killed a five-headed hydra
 14672 | Lair:2   | Reached ***** piety under Hepliaklqana
 14702 | Lair:2   | Identified the Compendium of Baldness
 15200 | Lair:3   | Found a staircase to the Snake Pit.
 15261 | Lair:3   | Reached skill level 10 in Dodging
 15453 | Lair:3   | Noticed Gastronok
 15499 | Lair:3   | Killed Gastronok
 15499 | Lair:3   | Reached XP level 13. HP: 92/94 MP: 13/13
 15748 | Lair:3   | Noticed Rupert
 15769 | Lair:3   | Killed Rupert
 16039 | Lair:3   | Found a runed translucent gate.
 16039 | Lair:3   | Found a runed translucent gate.
 16043 | Lair:3   | Found a runed translucent gate.
 16182 | Lair:3   | Noticed Viasus's ghost (journeyman GnAr)
 16182 | Lair:3   | Noticed Fies's ghost (journeyman GnAr)
 16435 | Lair:4   | Reached skill level 11 in Dodging
 16813 | Lair:4   | Reached skill level 10 in Shields
 16868 | Lair:4   | Found a staircase to the Swamp.
 16951 | Lair:4   | Reached skill level 10 in Armour
 17378 | Lair:5   | Reached skill level 1 in Invocations
 17489 | Lair:5   | Reached XP level 14. HP: 102/102 MP: 15/15
 18412 | Lair:6   | Entered Level 6 of the Lair of Beasts
 18442 | Lair:6   | Reached skill level 12 in Dodging
 18686 | Lair:6   | Reached ****** piety under Hepliaklqana
 18729 | Lair:6   | Noticed Snorg
 18751 | Lair:6   | Killed Snorg
 19372 | Lair:6   | Found a staircase to the Slime Pits.
 19372 | Lair:6   | Found a viscous altar of Jiyva.
 20476 | Orc:1    | Entered Level 1 of the Orcish Mines
 20566 | Orc:2    | Entered Level 2 of the Orcish Mines
 20671 | Orc:2    | Found a staircase to the Elven Halls.
 20751 | Orc:1    | Noticed Maurice
 20755 | Orc:1    | Killed Maurice
 20777 | Orc:1    | Noticed Jorgrun
 20796 | Orc:1    | HP: 3/104 [Jorgrun/iron shot (32)]
 20796 | Orc:1    | HP: 1/104 [Jorgrun/+0 quarterstaff of crushing (2)]
 20798 | Orc:1    | Killed Jorgrun
 20798 | Orc:1    | Reached skill level 5 in Invocations
 20837 | Orc:1    | Found a roughly hewn altar of Beogh.
 21243 | Orc:1    | Noticed Josephine
 21258 | Orc:1    | Killed Josephine
 21438 | Orc:2    | Reached skill level 13 in Dodging
 21491 | Orc:2    | Reached XP level 15. HP: 54/109 MP: 19/19
 21796 | Orc:2    | Found Moymaohe's Magic Scroll Shoppe.
 21827 | Orc:2    | Found Maxoper's Armour Shoppe.
 21827 | Orc:2    | Found Eqoomuy's Assorted Antiques.
 22603 | Orc:2    | Found Xuuna's Jewellery Emporium.
 22606 | Orc:2    | Bought an orange potion for 19 gold pieces
 22772 | Orc:2    | Bought a +5 ring of slaying for 1250 gold pieces
 22947 | Snake:1  | Entered Level 1 of the Snake Pit
 25110 | Snake:1  | Reached skill level 14 in Dodging
 25813 | Orc:2    | Bought a +0 cloak of invisibility for 161 gold pieces
 26012 | Snake:2  | Noticed a nagaraja
 26396 | Snake:2  | Reached skill level 1 in Evocations
 26461 | Snake:2  | Killed a nagaraja
 27066 | Snake:2  | Reached XP level 16. HP: 69/118 MP: 21/21
 27444 | Snake:2  | Noticed a nagaraja
 27467 | Snake:2  | Killed a nagaraja
 28854 | Snake:3  | Found Puakunun's Antique Weapon Shoppe.
 28908 | Snake:3  | Noticed a nagaraja
 28917 | Snake:3  | Killed a nagaraja
 29068 | Snake:4  | Entered Level 4 of the Snake Pit
 29131 | Snake:4  | Noticed a nagaraja
 29144 | Snake:4  | Killed a nagaraja
 29144 | Snake:4  | Reached skill level 15 in Dodging
 29203 | Snake:4  | Shot with a bolt by a naga sharpshooter

Levels and vault maps discovered:
D:1:      moated_graveyard_arrival, layout_rooms
D:2:      layout_rooms, dk_yredelemnul_ordeal
D:3:      layout_rooms, lemuel_doored_altar, grunt_gozag_breadcrumbs
D:4:      layout_basic, gup_sewer_entry_glass, serial_shops,
          nicolae_shop_behind_doors
D:5:      layout_loops_cross, minmay_temple_entry_from_below_a,
          serial_co_window_serial, co_window_paths_a, co_window_corner_a,
          co_window_of_opportunity_a, co_window_cross_1, co_window_paths_a,
          co_window_of_opportunity_a, co_window_corner_b, co_window_corner_b,
          co_window_unsneaky_path_a, co_window_sun, co_window_paths_e,
          glass_columns_c, glass_columns_a, glass_columns_a, first_ration,
          serial_shops, nicolae_shop_window_shopping, uniq_edmund
D:6:      layout_gridville, serial_shops, nicolae_shop_waterfront,
          minmay_gold_behind_fungi
D:7:      layout_loops_corners, gammafunk_ghost_grave, serial_bayou_pond_c
D:8:      layout_basic, minmay_fractal_squares_5
D:9:      layout_stronghold, grunt_lair_entry_orc_guard_hut, moated_statue,
          hangedman_fish_farm, okawaru_altar_gauntlet_db
D:10:     layout_roguey, uniq_grum
D:11:     layout_gridville, orc_david_3, serial_shops, nicolae_shop_waterfront
Temple:   kilobyte_greek_temple
Lair:1:   layout_loops_ring, nicolae_quartered_pool_little, nzn_random_ring,
          infiniplex_staircase_pool
Lair:2:   layout_loops_ring
Lair:3:   layout_long_grid, dummy_snake_entry, gammafunk_ghost_cemetery,
          uniq_rupert, uniq_gastronok
Lair:4:   layout_hall_layers, minmay_swamp_entry_worms
Lair:5:   layout_cave_pods, eino_house_with_fridge
Lair:6:   grunt_lair_end_beastmaster, layout_small_grid, slime_altar_1,
          minmay_lair_oklob_chamber, uniq_snorg
Snake:1:  layout_misc_corridors
Snake:2:  layout_basic
Snake:3:  layout_rooms, serial_shops, nicolae_shop_waterfront, st_stairs_4
Snake:4:  johnstein_snake_rune_scales, layout_cave_shapes
Orc:1:    layout_diamond_mine, nicolae_orc_lost_temple, uniq_josephine,
          uniq_maurice, uniq_jorgrun
Orc:2:    st_orc_open, layout_diamond_mine

Skill      XL: |  1  2  3  4  5  6  7  8  9 10 11 12 13 14 15 16 |
---------------+-------------------------------------------------+-----
Polearms       | 5 6 7 8 9 11 12 14 | 14.1
Fighting       | 3 4 5 7 8 9 10 11 12 13 14 | 14.3
Armour         | 1 2 3 4 6 7 8 9 10 | 10.0
Dodging        | 5 8 10 11 13 14 15 | 15.0
Shields        | 4 8 10 12 13 14 | 14.8
Invocations    | 1 5 7 8 |  8.0
Evocations     | 2 4 |  4.5
Throwing       | |  2.1

Action                   |  1- 3 |  4- 6 |  7- 9 | 10-12 | 13-15 | 16-18 || total
-------------------------+-------+-------+-------+-------+-------+-------++-------
Melee: Trident           |   107 |   243 |   372 |   992 |   469 |       ||  2183
       Tailslap          |       |       |       |     5 |       |       ||     5
       Demon trident     |       |       |       |       |   869 |   252 ||  1121
Throw: Stone             |    46 |    62 |       |       |       |       ||   108
       Dart              |       |     5 |    61 |    39 |    66 |       ||   171
       Javelin           |       |       |       |    11 |       |     7 ||    18
Invok: Ancestor Life: He |       |       |     1 |       |       |       ||     1
       Recall Ancestor   |       |       |       |     1 |     1 |       ||     2
 Abil: Evoke Blink       |       |       |       |       |       |     1 ||     1
Evoke: Wand              |       |       |       |     3 |     5 |       ||     8
  Use: Scroll            |       |     8 |    10 |     8 |    17 |       ||    43
       Potion            |       |       |     2 |       |     1 |       ||     3
 Stab: Confused          |       |       |     4 |     3 |    10 |     1 ||    18
       Distracted        |       |       |     2 |    11 |    12 |     4 ||    29
       Petrified         |       |       |       |       |     6 |       ||     6
       Paralysed         |       |       |       |       |     7 |     2 ||     9
  Eat: Chunk             |       |     7 |    18 |    38 |    30 |    12 ||   105
       Ration            |       |       |     1 |       |       |       ||     1
Armor: Leather armour    |     3 |       |       |       |       |       ||     3
       Plate armour      |    46 |   108 |    85 |   149 |   279 |    40 ||   707
       Chain mail        |       |       |    32 |   159 |       |       ||   191
Dodge: Dodged            |    36 |    40 |    78 |   228 |   258 |    45 ||   685
Block: Large shield      |       |       |       |   438 |   871 |   198 ||  1507

Table legend:
 A = Non-vault XP
 B = Vault XP
 C = Vault XP percentage of total XP
 D = Non-vault monster count
 E = Vault monster count
 F = Vault count percentage of total count
                 A         B        C        D         E       F
            +---------+---------+-------+---------+---------+-------
      Total |  119054 |   43776 |  26.9 |     539 |     137 |  20.3
            +---------+---------+-------+---------+---------+-------
        D:1 |      50 |       0 |   0.0 |      25 |       0 |   0.0
        D:2 |      53 |       2 |   3.6 |      18 |       2 |  10.0
        D:3 |      53 |       0 |   0.0 |      20 |       0 |   0.0
        D:4 |     194 |      47 |  19.5 |      11 |       6 |  35.3
        D:5 |     495 |     171 |  25.7 |      20 |       1 |   4.8
        D:6 |     446 |       0 |   0.0 |      12 |       0 |   0.0
        D:7 |    1181 |       0 |   0.0 |      33 |       0 |   0.0
        D:8 |     999 |     157 |  13.6 |      11 |       3 |  21.4
        D:9 |    1843 |    1027 |  35.8 |      20 |      12 |  37.5
       D:10 |    3144 |     663 |  17.4 |      33 |       5 |  13.2
       D:11 |    5458 |     269 |   4.7 |      53 |       7 |  11.7
     Lair:1 |    3711 |    2826 |  43.2 |      13 |      12 |  48.0
     Lair:2 |    6862 |       0 |   0.0 |      26 |       0 |   0.0
     Lair:3 |    7305 |    5143 |  41.3 |      28 |       2 |   6.7
     Lair:4 |    6518 |       0 |   0.0 |      21 |       0 |   0.0
     Lair:5 |    7787 |     978 |  11.2 |      27 |      12 |  30.8
     Lair:6 |    8272 |   10265 |  55.4 |      19 |      21 |  52.5
    Snake:1 |   17757 |       0 |   0.0 |      32 |       0 |   0.0
    Snake:2 |   23271 |       0 |   0.0 |      36 |       0 |   0.0
    Snake:3 |   15344 |     977 |   6.0 |      29 |       1 |   3.3
    Snake:4 |    5384 |       0 |   0.0 |       7 |       0 |   0.0
      Orc:1 |    1232 |    5430 |  81.5 |      18 |       6 |  25.0
      Orc:2 |    1695 |   15697 |  90.3 |      27 |      37 |  57.8
      Sewer |       0 |     124 | 100.0 |       0 |      10 | 100.0
            +---------+---------+-------+---------+---------+-------
